TOP OF THE 1ST |
Louisville Bats batting - Pitching for Las Vegas 51s : RHP Justin Overlie
|
Pitching: RHP Justin Overlie
|
|
Batting: SHB Paul Sandoval
|
0-0: Ball 1-0: Foul Ball, location: 2F 1-1: Ball 2-1: Foul Ball, location: 2F 2-2: Ball 3-2: Foul Ball, location: 2F 3-2: Foul Ball, location: 2F 3-2: Foul Ball, location: 2F 3-2: Ground out 5-3 (Groundball, 56, EV 84.4 MPH)
|
Batting: SHB Freddie Farrar
|
0-0: Ball 1-0: Ball 2-0: Ball 3-0: Base on Balls
|
Batting: LHB Randy Racine
|
0-0: Called Strike 0-1: Fielders Choice at 2nd, 3-6 (Groundball, 34S, EV 79.4 MPH)
|
Batting: LHB Shawn Morrison
|
0-0: Swinging Strike 0-1: Ball 1-1: Ball 2-1: Ball 3-1: SINGLE (Line Drive, 6MD, EV 100.0 MPH) Randy Racine to second Runner from 2nd tries for 3rd, SAFE, throw by CF made to third
|
Batting: SHB Tim Utz
|
0-0: Ball 1-0: Swinging Strike 1-1: Ball Wild Pitch! Randy Racine scores Shawn Morrison to second 2-1: Swinging Strike 2-2: Ball 3-2: Base on Balls
|
Batting: RHB Tim Wormell
|
0-0: Called Strike 0-1: Ball 1-1: Fielders Choice at 2nd, 6-4 (Groundball, 6, EV 101.9 MPH)
|
Top of the 1st over - 1 run, 1 hit, 0 errors, 2 left on base; Louisville 1 - Las Vegas 0 |
BOTTOM OF THE 1ST |
Las Vegas 51s batting - Pitching for Louisville Bats : LHP Jesus Perez
|
Pitching: LHP Jesus Perez
|
|
Batting: LHB Adam Hairston
|
0-0: Foul Ball, location: 2F 0-1: Foul Ball, location: 2F 0-2: Ball 1-2: Ball 2-2: Ground out 6-3 (Groundball, 6, EV 84.4 MPH)
|
Batting: RHB Seth Daniel
|
0-0: Ball 1-0: Ball 2-0: SINGLE (Groundball, 34D, EV 99.4 MPH)
|
Batting: RHB Steven Romanovsky
|
0-0: Ball 1-0: Ball 2-0: Foul Ball, location: 2F 2-1: SINGLE (Groundball, 34D, EV 105.6 MPH) Seth Daniel to second Runner from 2nd tries for 3rd, SAFE, throw by RF made to third
|
Batting: SHB Josh Schultze
|
0-0: Ball 1-0: Called Strike 1-1: Foul Ball, location: 2F 1-2: Strikes out swinging
|
Batting: LHB David McNair
|
0-0: Ball 1-0: Ball 2-0: Called Strike 2-1: Fly out, F7 (Flyball, 78M, EV 88.8 MPH)
|
Bottom of the 1st over - 0 runs, 2 hits, 0 errors, 2 left on base; Louisville 1 - Las Vegas 0 |
TOP OF THE 2ND |
Louisville Bats batting - Pitching for Las Vegas 51s : RHP Justin Overlie
|
Batting: LHB Manny Ruvalcaba
|
0-0: Ground out 6-3 (Groundball, 6M, EV 90.6 MPH)
|
Batting: RHB Gerald de Vries
|
0-0: Ball 1-0: Called Strike 1-1: Called Strike 1-2: Ground out U3 (Groundball, 3, EV 90.6 MPH)
|
Batting: RHB Casey Truax
|
0-0: Ball 1-0: SINGLE (Groundball, 4MD, EV 105.0 MPH)
|
Batting: SHB Paul Sandoval
|
0-0: Foul Ball, location: 2F 0-1: Ground out U3 (Groundball, 3, EV 91.9 MPH)
|
Top of the 2nd over - 0 runs, 1 hit, 0 errors, 1 left on base; Louisville 1 - Las Vegas 0 |
BOTTOM OF THE 2ND |
Las Vegas 51s batting - Pitching for Louisville Bats : LHP Jesus Perez
|
Batting: SHB Jason Evans
|
0-0: Called Strike 0-1: Ball 1-1: Ground out 3-1 (Groundball, 34, EV 100.6 MPH)
|
Batting: RHB Steve Dunaway
|
0-0: Called Strike 0-1: Ball 1-1: Ball 2-1: Ball 3-1: Base on Balls
|
Batting: RHB Leon Edwards
|
0-0: Called Strike 0-1: Swinging Strike 0-2: Strikes out swinging
|
Batting: LHB Jorge Rosales
|
0-0: Foul Ball, location: 2F 0-1: Swinging Strike 0-2: Ground out 5-3 (Groundball, 5, EV 78.8 MPH)
|
Bottom of the 2nd over - 0 runs, 0 hits, 0 errors, 1 left on base; Louisville 1 - Las Vegas 0 |
TOP OF THE 3RD |
Louisville Bats batting - Pitching for Las Vegas 51s : RHP Justin Overlie
|
Batting: SHB Freddie Farrar
|
0-0: Called Strike 0-1: Ground out 4-3 (Groundball, 4MD, EV 83.1 MPH)
|
Batting: LHB Randy Racine
|
0-0: Ball 1-0: Foul Ball, location: 2F 1-1: Swinging Strike 1-2: Ball 2-2: Ball 3-2: Foul Ball, location: 2F 3-2: Ground out U3 (Groundball, 3, EV 110.0 MPH)
|
Batting: LHB Shawn Morrison
|
0-0: Ball 1-0: Ball 2-0: Ball 3-0: Called Strike 3-1: Base on Balls
|
Batting: SHB Tim Utz
|
0-0: Ball Shawn Morrison steals 2nd base 1-0: Called Strike 1-1: Ball 2-1: Called Strike 2-2: Ground out U3 (Groundball, 3, EV 98.8 MPH)
|
Top of the 3rd over - 0 runs, 0 hits, 0 errors, 1 left on base; Louisville 1 - Las Vegas 0 |
BOTTOM OF THE 3RD |
Las Vegas 51s batting - Pitching for Louisville Bats : LHP Jesus Perez
|
Batting: LHB Adam Hairston
|
0-0: Ground out U3 (Groundball, 13, EV 95.6 MPH)
|
Batting: RHB Seth Daniel
|
0-0: Ball 1-0: Called Strike 1-1: Ball 2-1: Ball 3-1: SINGLE (Groundball, 6MD, EV 108.8 MPH)
|
Batting: RHB Steven Romanovsky
|
0-0: Called Strike 0-1: Ball 1-1: Ball 2-1: Ball 3-1: Fly out, F8 (Flyball, 8LM, EV 91.9 MPH)
|
Batting: SHB Josh Schultze
|
0-0: SINGLE (Groundball, 5S, EV 68.8 MPH) (infield hit) Seth Daniel to second
|
Batting: LHB David McNair
|
0-0: Called Strike 0-1: Ball 1-1: Fly out, F6 (Popup, 56D, EV 70.6 MPH)
|
Bottom of the 3rd over - 0 runs, 2 hits, 0 errors, 2 left on base; Louisville 1 - Las Vegas 0 |
TOP OF THE 4TH |
Louisville Bats batting - Pitching for Las Vegas 51s : RHP Justin Overlie
|
Batting: RHB Tim Wormell
|
0-0: Ball 1-0: Ball 2-0: Ball 3-0: Foul Ball, location: 2F 3-1: Foul Ball, location: 2F 3-2: Base on Balls
|
Batting: LHB Manny Ruvalcaba
|
0-0: Foul Ball, location: 2F 0-1: Ball 1-1: Fly out, F3 (Line Drive, 3, EV 65.0 MPH)
|
Batting: RHB Gerald de Vries
|
0-0: Ball Tim Wormell steals 2nd base 1-0: Ground out 4-3 (Groundball, 4, EV 75.6 MPH) Tim Wormell to third
|
Batting: RHB Casey Truax
|
0-0: Swinging Strike 0-1: Fly out, F9 (Flyball, 9LM, EV 93.8 MPH)
|
Top of the 4th over - 0 runs, 0 hits, 0 errors, 1 left on base; Louisville 1 - Las Vegas 0 |
BOTTOM OF THE 4TH |
Las Vegas 51s batting - Pitching for Louisville Bats : LHP Jesus Perez
|
Batting: SHB Jason Evans
|
0-0: Ball 1-0: Ground out 5-3 (Groundball, 56S, EV 66.2 MPH)
|
Batting: RHB Steve Dunaway
|
0-0: Ball 1-0: Ground out 5-3 (Groundball, 56, EV 76.9 MPH)
|
Pitching: RHP Chris Galo
|
|
Batting: RHB Leon Edwards
|
0-0: Ball 1-0: Ball 2-0: Ball 3-0: Base on Balls
|
Batting: LHB Jorge Rosales
|
0-0: Called Strike 0-1: Foul Ball, location: 2F 0-2: Strikes out swinging
|
Bottom of the 4th over - 0 runs, 0 hits, 0 errors, 1 left on base; Louisville 1 - Las Vegas 0 |
TOP OF THE 5TH |
Louisville Bats batting - Pitching for Las Vegas 51s : RHP Justin Overlie
|
Batting: SHB Paul Sandoval
|
0-0: Called Strike 0-1: Ball 1-1: Called Strike 1-2: Ball 2-2: Foul Ball, location: 2F 2-2: Foul Ball, location: 2F 2-2: Foul Ball, location: 2F 2-2: Strikes out swinging
|
Pitching: RHP Ian Wright
|
|
Batting: SHB Freddie Farrar
|
0-0: Called Strike 0-1: Ball 1-1: Ground out 5-3 (Groundball, 25, EV 85.6 MPH)
|
Batting: LHB Randy Racine
|
0-0: Ball 1-0: Called Strike 1-1: Called Strike 1-2: Ball 2-2: Strikes out looking
|
Top of the 5th over - 0 runs, 0 hits, 0 errors, 0 left on base; Louisville 1 - Las Vegas 0 |
BOTTOM OF THE 5TH |
Las Vegas 51s batting - Pitching for Louisville Bats : RHP Chris Galo
|
Batting: LHB Adam Hairston
|
0-0: Ball 1-0: Foul Ball, location: 2F 1-1: Ball 2-1: Ball 3-1: Fly out, F5 (Popup, 25F, EV 90.6 MPH)
|
Batting: RHB Seth Daniel
|
0-0: Called Strike 0-1: Foul Ball, location: 2F 0-2: Ball 1-2: Ball 2-2: Strikes out swinging
|
Batting: RHB Steven Romanovsky
|
0-0: Called Strike 0-1: Swinging Strike 0-2: Foul Ball, location: 2F 0-2: Ball 1-2: Strikes out swinging
|
Bottom of the 5th over - 0 runs, 0 hits, 0 errors, 0 left on base; Louisville 1 - Las Vegas 0 |
TOP OF THE 6TH |
Louisville Bats batting - Pitching for Las Vegas 51s : RHP Ian Wright
|
Batting: LHB Shawn Morrison
|
0-0: SINGLE (Line Drive, 89S, EV 95.0 MPH)
|
Batting: SHB Tim Utz
|
0-0: DOUBLE (Flyball, 7LD, EV 94.4 MPH) Shawn Morrison to third Runner from 3rd tries for Home, SAFE, throw by LF to trailing runner, SAFE at third!
|
Batting: RHB Tim Wormell
|
0-0: Foul Ball, location: 2F 0-1: Fly out, F9 (Flyball, 89M, EV 91.9 MPH)
|
Batting: LHB Manny Ruvalcaba
|
0-0: Called Strike 0-1: SINGLE (Groundball, 34D, EV 100.0 MPH) Tim Utz scores
|
Batting: RHB Gerald de Vries
|
0-0: Swinging Strike 0-1: Swinging Strike 0-2: Ball 1-2: SINGLE (Groundball, 6, EV 96.2 MPH) Manny Ruvalcaba to second
|
Batting: RHB Casey Truax
|
0-0: Swinging Strike 0-1: Foul Ball, location: 2F 0-2: Foul Ball, location: 2F 0-2: Ball Wild Pitch! Manny Ruvalcaba to third Gerald de Vries to second 1-2: Ball 2-2: Ball 3-2: Base on Balls
|
Batting: SHB Paul Sandoval
|
0-0: Ball 1-0: Ball 2-0: Called Strike 2-1: SINGLE (Groundball, 4D, EV 97.5 MPH) Manny Ruvalcaba scores Gerald de Vries to third Casey Truax to second Throwing error, E8 Gerald de Vries scores Casey Truax to third Paul Sandoval to second
|
Pitching: RHP Dakota McAdam
|
|
Batting: SHB Freddie Farrar
|
0-0: Called Strike 0-1: Ball 1-1: Ball 2-1: Ball 3-1: Swinging Strike 3-2: Foul Ball, location: 2F 3-2: Base on Balls
|
Batting: LHB Randy Racine
|
0-0: Called Strike 0-1: Ball 1-1: Fly out, F7 (Flyball, 78S, EV 75.6 MPH)
|
Batting: LHB Shawn Morrison
|
0-0: Ball 1-0: Called Strike 1-1: Fielders Choice at 2nd, 5-4 (Groundball, 5, EV 80.6 MPH)
|
Top of the 6th over - 4 runs, 5 hits, 1 error, 3 left on base; Louisville 5 - Las Vegas 0 |
BOTTOM OF THE 6TH |
Las Vegas 51s batting - Pitching for Louisville Bats : RHP Chris Galo
|
Batting: SHB Josh Schultze
|
0-0: Ball 1-0: Ball 2-0: Called Strike 2-1: Fly out, F9 (Line Drive, 9D, EV 88.8 MPH)
|
Batting: LHB David McNair
|
0-0: Called Strike 0-1: Ground out U3 (Groundball, 34S, EV 87.5 MPH)
|
Batting: SHB Jason Evans
|
0-0: Called Strike 0-1: Swinging Strike 0-2: Strikes out swinging
|
Bottom of the 6th over - 0 runs, 0 hits, 0 errors, 0 left on base; Louisville 5 - Las Vegas 0 |
TOP OF THE 7TH |
Louisville Bats batting - Pitching for Las Vegas 51s : RHP Dakota McAdam
|
Batting: SHB Tim Utz
|
0-0: Called Strike 0-1: Foul Ball, location: 2F 0-2: Ground out 5-3 (Groundball, 56S, EV 86.9 MPH)
|
Batting: RHB Tim Wormell
|
0-0: Ground out 6-3 (Groundball, 6, EV 110.0 MPH)
|
Batting: LHB Manny Ruvalcaba
|
0-0: Ground out 4-3 (Groundball, 4, EV 87.5 MPH)
|
Top of the 7th over - 0 runs, 0 hits, 0 errors, 0 left on base; Louisville 5 - Las Vegas 0 |
BOTTOM OF THE 7TH |
Las Vegas 51s batting - Pitching for Louisville Bats : RHP Chris Galo
|
Batting: RHB Steve Dunaway
|
0-0: Ball 1-0: Ball 2-0: Ball 3-0: Called Strike 3-1: Fly out, F3 (Popup, 3L, EV 64.4 MPH)
|
Batting: RHB Leon Edwards
|
0-0: Ball 1-0: Ground out 4-3 (Groundball, 34, EV 88.8 MPH)
|
Batting: LHB Jorge Rosales
|
0-0: Swinging Strike 0-1: Ball 1-1: Fly out, F8 (Flyball, 8LXD, EV 85.0 MPH)
|
Bottom of the 7th over - 0 runs, 0 hits, 0 errors, 0 left on base; Louisville 5 - Las Vegas 0 |
TOP OF THE 8TH |
Louisville Bats batting - Pitching for Las Vegas 51s : RHP Dakota McAdam
|
Batting: RHB Gerald de Vries
|
0-0: Ball 1-0: Ball 2-0: Called Strike 2-1: Ball 3-1: Foul Ball, location: 2F 3-2: Foul Ball, location: 2F 3-2: Foul Ball, location: 2F 3-2: SINGLE (Groundball, 6D, EV 110.0 MPH)
|
Pitching: LHP Ryan Price
|
|
Batting: RHB Casey Truax
|
0-0: Ball 1-0: Ball 2-0: Ball 3-0: Base on Balls Gerald de Vries to second
|
Batting: SHB Paul Sandoval
|
0-0: Bunt missed! 0-1: Sac Bunt to 15S - play at first, batter OUT! 1-4 Gerald de Vries to third Casey Truax to second
|
Batting: SHB Freddie Farrar
|
0-0: Foul Ball, location: 2F 0-1: Fly out, F9 (Flyball, 9, EV 91.9 MPH) Runner from 3rd tags up, SCORES, throw by RF Casey Truax to third
|
Batting: LHB Randy Racine
|
0-0: Swinging Strike 0-1: Swinging Strike 0-2: Ball 1-2: Foul Ball, location: 2F 1-2: Strikes out swinging
|
Top of the 8th over - 1 run, 1 hit, 0 errors, 1 left on base; Louisville 6 - Las Vegas 0 |
BOTTOM OF THE 8TH |
Las Vegas 51s batting - Pitching for Louisville Bats : RHP Chris Galo
|
Batting: LHB Adam Hairston
|
0-0: Ground out 5-3 (Groundball, 56, EV 86.2 MPH)
|
Batting: RHB Seth Daniel
|
0-0: Ball 1-0: Foul Ball, location: 2F 1-1: Fly out, F5 (Popup, 5F, EV 82.5 MPH)
|
Batting: RHB Steven Romanovsky
|
0-0: Swinging Strike 0-1: Ball 1-1: Ground out 5-3 (Groundball, 56, EV 105.0 MPH)
|
Bottom of the 8th over - 0 runs, 0 hits, 0 errors, 0 left on base; Louisville 6 - Las Vegas 0 |
TOP OF THE 9TH |
Louisville Bats batting - Pitching for Las Vegas 51s : LHP Ryan Price
|
Batting: LHB Shawn Morrison
|
0-0: Called Strike 0-1: Ball 1-1: Ball 2-1: Foul Ball, location: 2F 2-2: Foul Ball, location: 2F 2-2: Fly out, F8 (Flyball, 8RD, EV 96.2 MPH)
|
Batting: SHB Tim Utz
|
0-0: SINGLE (Flyball, 78S, EV 90.0 MPH)
|
Batting: RHB Tim Wormell
|
0-0: Foul Ball, location: 2F 0-1: Ball 1-1: Foul Ball, location: 2F 1-2: Ball 2-2: Strikes out swinging
|
Batting: LHB Manny Ruvalcaba
|
0-0: Called Strike 0-1: Called Strike 0-2: Foul Ball, location: 2F 0-2: Ball 1-2: Ball 2-2: Strikes out swinging
|
Top of the 9th over - 0 runs, 1 hit, 0 errors, 1 left on base; Louisville 6 - Las Vegas 0 |
BOTTOM OF THE 9TH |
Las Vegas 51s batting - Pitching for Louisville Bats : RHP Chris Galo
|
Batting: SHB Josh Schultze
|
0-0: Ball 1-0: Ball 2-0: Foul Ball, location: 2F 2-1: Swinging Strike 2-2: Ball 3-2: Fly out, F7 (Flyball, 7, EV 87.5 MPH)
|
Batting: LHB David McNair
|
0-0: Called Strike 0-1: Ball 1-1: Ball 2-1: Foul Ball, location: 2F 2-2: Ball 3-2: Strikes out swinging
|
Batting: SHB Jason Evans
|
0-0: Called Strike 0-1: Foul Ball, location: 2F 0-2: Foul Ball, location: 2F 0-2: Strikes out swinging
|
Bottom of the 9th over - 0 runs, 0 hits, 0 errors, 0 left on base; Louisville 6 - Las Vegas 0 |
|